 Dungeon Crawl Stone Soup version 0.17.1-3-g152610e (webtiles) character file.

111 Freud the Magician (level 4, 0/23 HPs)
             Began as a Vine Stalker Wizard on Mar 30, 2016.
             Slain by a slave (3 damage)
             ... led by Pikel
             ... on level 4 of the Dungeon on Mar 31, 2016.
             The game lasted 00:30:13 (1470 turns).

Freud the Magician (Vine Stalker Wizard)            Turns: 1470, Time: 00:30:18

Health: 0/23       AC:  6    Str: 11    XL:     4   Next: 92%
Magic:  0/9        EV: 14    Int: 18    God:
Gold:   192        SH:  0    Dex: 17    Spells: 3 memorised, 4 levels left

rFire  . . .     SeeInvis .     a - +1 dagger (distort)
rCold  . . .     Clarity  .     n - -1 scale mail (curse)
rNeg   . . .     SustAt   .     (no shield)
rPois  +         Gourm    .     b - +0 hat
rElec  .         Spirit   +     (no cloak)
rCorr  .         Warding  .     j - +0 pair of gloves
rMut   .         Stasis   .     (no boots)
MR     .....                    (no amulet)
Stlth  ++........               (no ring)
                                e - ring of poison resistance

@: agile, not resistant to hostile enchantments, unstealthy
A: fangs 2, regeneration 1, magic shield, antimagic bite, no device heal 3, rot
immunity
a: no special abilities


You were on level 4 of the Dungeon.
You were not hungry.

You visited 1 branch of the dungeon, and saw 4 of its levels.

You collected 192 gold pieces.

Inventory:

Hand Weapons
 a - a +1 dagger of distortion (weapon)
 l - a +0 dagger
 u - a +0 short sword
Missiles
 s - 6 poisoned needles
 x - 5 tomahawks (quivered)
Armour
 b - a +0 hat (worn)
 j - a +0 pair of gloves (worn)
 n - a cursed -1 scale mail (worn)
 p - a +0 ring mail
Jewellery
 e - a ring of poison resistance (left hand)
Scrolls
 r - a scroll of fog
 y - a scroll of random uselessness {unknown}
 z - a scroll of enchant weapon {unknown}
Potions
 f - a potion of haste {unknown}
 h - a potion of heal wounds {unknown}
 i - a potion of brilliance {unknown}
 o - 5 potions of agility
 q - a potion of resistance {unknown}
 t - a potion of mutation {unknown}
 w - a potion of poison {unknown}
Books
 c - a book of Minor Magic

   Spells                             Type                      Level
   a - Magic Dart                     Conjuration                  1
   b - Blink                          Translocation                2
   c - Call Imp                       Summoning                    2
   d - Repel Missiles                 Charms/Air                   2
   e - Slow                           Hexes                        2
   f - Conjure Flame                  Conjuration/Fire             3
   g - Mephitic Cloud                 Conjuration/Poison/Air       3
Comestibles
 d - a bread ration
 g - a meat ration
 k - a slice of pizza
 m - 3 chunks of flesh
 v - a beef jerky


   Skills:
 - Level 2.0 Fighting
 * Level 2.7 Short Blades
 + Level 1.1 Armour
 - Level 1.5 Dodging
 - Level 2.4 Stealth
 - Level 3.2 Spellcasting
 - Level 1.0 Conjurations
   Level 1.0 Summonings
 - Level 1.0 Translocations


You had 4 spell levels left.
You knew the following spells:

 Your Spells              Type           Power        Failure   Level  Hunger
a - Magic Dart            Conj           #...         73%         1    None
b - Repel Missiles        Chrm/Air       #.....       98%         2    ##.....
c - Blink                 Tloc           N/A          90%         2    ##.....


Dungeon Overview and Level Annotations

Branches:
Dungeon (4/15)
 Temple: D:4-7

Altars:
Gozag
Kikubaaqudgha
Yredelemnul
Zin

Annotations:
D:3 Ijyb
D:4 Pikel


Innate Abilities, Weirdness & Mutations

You have extremely sharp teeth.
Your natural rate of healing is unusually fast.
When hurt, damage is shared between your health and your magic reserves.
Your bite disrupts and absorbs the magic of your enemies.
Potions and wands cannot restore your health.
You are immune to rotting.


Message History

The slave blinks!
You hit the slave but do no damage.
The slave looks slightly unstable.
The slave hits you but does no damage. x2
You barely miss the slave.
The slave is lightly wounded.
The slave barely misses you. x2
You barely miss the slave. You bite the slave, but do no damage.
The slave is lightly wounded.
The slave disappears!
The slave hits you.
You hit the slave but do no damage.
Space bends around the slave.
The slave is moderately wounded.
Pikel hits you but does no damage.
You are electrocuted!
The slave completely misses you.
You barely miss the slave.
The slave is moderately wounded.
Pikel hits you with a whip of electrocution.
You are electrocuted!
* * * LOW HITPOINT WARNING * * *
The slave hits you.
You die...

# #.# +######.#
........# ........#
####### ........#
#.....#
........####[###.#
.......Kp........#
........####.######
........# #pK@p..#
........# ######.#
........# ........#
......#p# ..p..#.


You could see Pikel and 2 slaves.

Vanquished Creatures
  A slave (D:4)
  An orc priest (D:3)
  A giant frog skeleton (D:4)
  2 adders (D:2)
  4 orcs (D:3)
  A ball python (D:2)
  3 bats (D:1)
  A giant cockroach (D:1)
  6 hobgoblins
  2 giant newts (D:2)
  8 goblins
  2 jackals (D:1)
  2 rats
34 creatures vanquished.

Notes
Turn   | Place    | Note
--------------------------------------------------------------
     0 | D:1      | Freud the Vine Stalker Wizard began the quest for the Orb.
     0 | D:1      | Reached XP level 1. HP: 9/9 MP: 5/5
   102 | D:1      | Reached skill level 1 in Fighting
   197 | D:1      | Reached XP level 2. HP: 14/14 MP: 4/7
   413 | D:1      | Learned a level 2 spell: Repel Missiles
   416 | D:1      | Learned a level 2 spell: Blink
   672 | D:2      | Found a glowing silver altar of Zin.
   673 | D:2      | Found an ancient bone altar of Kikubaaqudgha.
   673 | D:2      | Found an opulent altar of Gozag.
   678 | D:2      | Reached skill level 1 in Short Blades
   678 | D:2      | Reached XP level 3. HP: 16/18 MP: 8/8
  1289 | D:3      | Reached XP level 4. HP: 10/23 MP: 3/9
  1356 | D:3      | Found a basalt altar of Yredelemnul.
  1363 | D:3      | Noticed Ijyb
  1375 | D:4      | Reached skill level 1 in Armour
  1443 | D:4      | Noticed a slave
  1444 | D:4      | Noticed a slave
  1457 | D:4      | Killed a slave
  1458 | D:4      | Noticed a slave
  1458 | D:4      | Noticed a slave
  1459 | D:4      | Noticed Pikel
  1470 | D:4      | Slain by a slave

Action                   |  1- 3 |  4- 6 || total
-------------------------+-------+-------++-------
Melee: Unarmed           |    14 |       ||    14
       Dagger            |    63 |    13 ||    76
 Cast: Magic Dart        |    26 |       ||    26
  Use: Scroll            |     3 |       ||     3
       Potion            |       |     1 ||     1
 Stab: Sleeping          |     1 |       ||     1
  Eat: Chunk             |     1 |     1 ||     2
